Map: Para Site LE

Players

Kelazhur

  • Race: Terran Terran
  • League: Master
  • Spawn Location: 11:00

lIIllllIIlll (INnoVation) - Winner!

  • Race: Terran Terran
  • League: Master
  • Spawn Location: 5:00

Event: HomeStory Cup XVIII

VOD

Have the link to the VOD?

Description

Time

  • Played on: Nov. 22, 2018, 12:42 p.m.
  • Length: 9:08

All games in this series

Show
View Real Time Build Order
Export as new Build Order

Kelazhur Terran 

Build Orders:  

Get SALT Encoding   

  12  0:00  SCV  
  13  0:12  SCV  
  14  0:18  Supply Depot  
  14  0:25  SCV  
  15  0:41  Barracks  
  16  0:46  Refinery  
  15  0:57  Barracks  
  15  0:59  SCV  
  16  1:05  Refinery  
  16  1:11  SCV  
  17  1:23  SCV  
  18  1:30  Reaper  
  19  1:35  Orbital Command  
  19  1:44  Reaper  
  20  1:53  Supply Depot  
  20  2:02  Reaper, SCV  
  23  2:15  SCV  
  23  2:16  Reaper  
  24  2:24  Factory  
  24  2:27  SCV  
  25  2:34  Reaper  
  26  2:37  Supply Depot  
  26  2:39  SCV  
  27  2:52  SCV  
  27  2:53  Reaper  
  29  3:04  SCV  
  30  3:06  Reaper  
  30  3:12  Factory Tech Lab  
  31  3:20  SCV  
  31  3:26  Command Center  
  31  3:30  Cyclone  
  31  3:33  Mag-Field Accelerator  
  33  3:42  SCV  
  34  3:49  Supply Depot  
  34  3:54  SCV  
  34  4:03  Cyclone  
  34  4:07  SCV  
  38  4:19  SCV  
  38  4:20  Command Center  
  39  4:33  SCV  
  39  4:35  Cyclone  
  41  4:43  Orbital Command  
  42  4:45  SCV  
  42  4:57  SCV, Barracks Tech Lab  
  42  5:06  Engineering Bay  
  42  5:07  Engineering Bay  
  42  5:10  SCV x2  
  42  5:14  Siege Tank  
  47  5:17  Stimpack, Barracks Reactor  
  47  5:19  Marine  
  48  5:22  SCV  
  48  5:23  SCV  
  50  5:30  Refinery x2  
  50  5:34  SCV  
  50  5:35  SCV  
  52  5:42  SCV  
  47  5:44  Marine  
  47  5:46  Siege Tank, SCV  
  47  5:47  SCV  
  50  5:54  SCV  
  50  5:57  Marine x2  
  51  5:58  SCV  
  51  6:02  Marine, Bunker  
  55  6:04  Terran Infantry Weapons Level 1  
  55  6:05  Terran Infantry Armor Level 1  
  55  6:07  Orbital Command, Barracks  
  55  6:10  SCV  
  56  6:15  Starport  
  56  6:17  SCV  
  57  6:21  Marine  
  57  6:23  SCV  
  57  6:24  Marine  
  60  6:25  Marine  
  60  6:29  SCV  
  60  6:32  Siege Tank  
  65  6:36  SCV x2  
  65  6:39  Marine  
  68  6:42  SCV  
  68  6:46  Marine  
  70  6:47  Marine  
  70  6:49  Barracks x2  
  70  6:51  SCV x2  
  70  6:52  Starport Reactor  
  73  6:55  Supply Depot, Barracks Reactor  
  73  7:00  Armory  
  73  7:02  Marine  
  73  7:04  Marine  
  73  7:05  Marine  
  76  7:10  Supply Depot  
  75  7:22  Marine x2  
  77  7:23  Marine  
  77  7:35  Siege Tank, Medivac x2  
  83  7:37  Orbital Command  
  83  7:38  Barracks x2  
  83  7:40  Supply Depot, Marine  
  83  7:41  Supply Depot, Marine x3  
  83  7:42  Marine, Combat Shield  
  88  7:48  SCV  
  88  7:49  SCV  
  90  8:01  Marine x3  
  90  8:02  Marine x2  
  90  8:05  Medivac x2  
  98  8:22  Supply Depot  
  98  8:24  Marine x2  
  98  8:25  SCV x2  
  98  8:26  Supply Depot  
  102  8:44  Marine x4, SCV  
  102  8:48  Marine  
Show
View Real Time Build Order
Export as new Build Order

lIIllllIIlll Terran - Winner!

Build Orders: 1/1/1, Cyclone Opening 

Get SALT Encoding   

  12  0:00  SCV  
  13  0:12  SCV  
  14  0:16  Supply Depot  
  14  0:24  SCV  
  14  0:27  Refinery  
  15  0:38  SCV  
  16  0:44  Barracks  
  16  0:50  SCV  
  16  0:54  Refinery  
  17  1:02  SCV  
  18  1:14  SCV  
  19  1:30  Orbital Command  
  19  1:31  Reaper  
  20  1:34  Factory  
  20  1:46  Supply Depot  
  20  1:56  SCV  
  21  2:04  Reaper  
  22  2:08  SCV  
  23  2:18  Hellion  
  23  2:20  SCV  
  23  2:22  Supply Depot  
  26  2:23  Starport  
  26  2:33  SCV  
  26  2:36  Marine  
  28  2:39  Factory Tech Lab  
  28  2:45  SCV  
  29  2:54  Marine  
  29  2:57  Liberator, SCV  
  30  2:59  Cyclone  
  30  3:03  Supply Depot  
  31  3:09  SCV  
  30  3:13  Marine  
  34  3:21  SCV  
  36  3:34  SCV  
  36  3:35  Cyclone  
  39  3:42  Command Center  
  39  3:44  Barracks Reactor  
  39  3:47  SCV  
  40  3:55  Supply Depot  
  40  3:59  SCV  
  40  4:00  Starport Tech Lab  
  41  4:11  SCV  
  42  4:17  Refinery  
  42  4:23  Marine x2, Raven, SCV  
  47  4:35  SCV  
  48  4:41  Marine x2  
  47  4:46  Siege Tank  
  47  4:47  SCV  
  51  4:55  Orbital Command  
  51  4:59  Marine x2  
  53  5:00  SCV  
  52  5:12  Raven, SCV  
  55  5:16  Marine  
  55  5:17  Marine  
  55  5:21  Supply Depot, SCV  
  57  5:22  Refinery  
  57  5:24  SCV  
  57  5:28  Siege Tank  
  62  5:33  SCV  
  62  5:34  Marine x2  
  65  5:35  Supply Depot  
  65  5:36  SCV  
  64  5:45  SCV  
  64  5:48  SCV  
  65  5:57  SCV  
  65  6:00  Siege Tank, SCV  
  68  6:04  Command Center  
  68  6:09  SCV  
  69  6:11  Marine, Viking  
  69  6:12  Stimpack, Viking, SCV  
  75  6:19  Supply Depot  
  75  6:22  SCV  
  75  6:24  SCV  
  77  6:29  Marine  
  77  6:30  Supply Depot  
  77  6:32  Siege Tank  
  81  6:34  SCV  
  81  6:36  SCV  
  83  6:41  Viking  
  83  6:42  Viking  
  87  6:47  Marine, SCV  
  87  6:49  SCV  
  89  6:55  Barracks  
  89  6:58  Barracks  
  89  7:03  Liberator x2  
  89  7:04  SCV x2  
  89  7:05  Marine  
  89  7:06  Engineering Bay, Siege Tank  
  94  7:09  Engineering Bay  
  94  7:17  SCV x2  
  95  7:25  Orbital Command  
  95  7:28  Marine  
  95  7:29  SCV  
  98  7:30  SCV  
  98  7:42  Barracks  
  98  7:45  Barracks Reactor x2, Orbital Command  
  98  7:46  Barracks  
  98  7:47  SCV x2  
  100  7:52  Supply Depot  
  100  7:59  SCV x2  
  100  8:00  Siege Tank  
  100  8:02  Marine  
  106  8:10  SCV  
  106  8:11  SCV  
  109  8:12  SCV  
  109  8:14  Refinery  
  109  8:15  Refinery  
  109  8:20  Marine  
  109  8:22  Marine x2  
  109  8:23  Marine x2, SCV  
  109  8:24  SCV  
  109  8:25  SCV  
  117  8:30  Sensor Tower  
  117  8:31  Supply Depot  
  117  8:35  Supply Depot, Barracks Reactor x2  
  117  8:36  Supply Depot  
  117  8:41  Marine x2  
  117  8:42  Marine x3  
  125  8:49  SCV x3  
Tags
 
Add a new tag
Caveats
  • Supply blocks, unpowered buildings, or Contaminate may cause inaccurate times.
  • Supply counts are checked every 10 seconds.